 Dungeon Crawl Stone Soup version 0.29-a0-551-gffc1d7fb78 (webtiles) character file.

Game seed: 16844039686611350996

209318 pokeman the Archmage (level 18, -10/103 HPs)
             Began as a Deep Elf Hedge Wizard on June 4, 2022.
             Was a High Priest of Vehumet.
             Mangled by the 27-headed Lernaean hydra (13 damage)
             ... on level 4 of the Swamp on June 5, 2022.
             The game lasted 02:23:42 (41313 turns).

pokeman the Archmage (Deep Elf Hedge Wizard)       Turns: 41313, Time: 02:23:43

Health: -10/103    AC: 18    Str: 10    XL:     18   Next: 53%
Magic:  21/60      EV: 12    Int: 36    God:    Vehumet [*****.]
Gold:   4647       SH:  8    Dex: 24    Spells: 29/71 levels left

rFire   + + .      SeeInvis .   x - +5 mace "Patashria" {flame, rPois MP+9 Dex+4 Stlth+}
rCold   . . .      Faith    .   S - +2 buckler
rNeg    . . .      Spirit   .   j - +0 swamp dragon scales
rPois   +          Reflect  .   e - +0 helmet
rElec   .          Harm     .   K - scarf {repulsion}
rCorr   +          Rampage  .   t - +0 pair of gloves
Will    +....                   o - +1 pair of boots
Stlth   +++.......              R - amulet "Pimim" {RegenMP Str-2 Int+4 Dex+4}
HPRegen 0.27/turn               W - ring "Ximnud" {Wiz rF+ rC+ rCorr Stlth-}
MPRegen 0.77/turn               X - ring "Iduu" {Fire Str+3 Int+2}

@: studying Summonings, repel missiles
A: iridescent scales 1, thin skeletal structure 1, clever 1, shaggy fur 1,
strong 1
a: Renounce Religion


You were on level 4 of the Swamp.
You worshipped Vehumet.
Vehumet was extremely pleased with you.
You visited 6 branches of the dungeon, and saw 32 of its levels.
You also visited: Trove and Ice Cave.

You collected 4647 gold pieces.

Inventory:

Hand Weapons
 b - the +8 rapier of Action {holy, Fly Will+ Int-4}
   (You found it on level 13 of the Dungeon)

   It has been blessed by the Shining One to cause great damage to the undead
   and demons.
   Int:       It affects your intelligence (-4).
   Fly:       It grants you flight.
   Will:      It increases your willpower.
 x - the +5 mace "Patashria" (weapon) {flame, rPois MP+9 Dex+4 Stlth+}
   (You found it on level 11 of the Dungeon)

   It burns those it strikes, dealing additional fire damage.
   Dex:       It affects your dexterity (+4).
   rPois:     It protects you from poison.
   MP:        It affects your magic capacity (+9).
   Stlth:     It makes you more stealthy.
 O - the +10 dagger "Riaxowna" {holy, Stlth+}
   (You found it on level 1 of the Swamp)

   It has been blessed by the Shining One to cause great damage to the undead
   and demons.
   Stlth:     It makes you more stealthy.
Armour
 e - a +0 helmet (worn)
 j - +0 swamp dragon scales (worn)
 l - an orb of light
 o - a +1 pair of boots (worn)
 q - a scarf of resistance
 t - a +0 pair of gloves (worn)
 F - +2 acid dragon scales
 K - a scarf of repulsion (worn)
 S - a +2 buckler (worn)
Magical Staves
 H - a staff of fire
Jewellery
 g - the ring of Tiroqy {rCorr Dex+7 SInv}
   (You found it in a treasure trove)

   [ring of resist corrosion]

   Dex:       It affects your dexterity (+7).
   SInv:      It lets you see invisible.
   rCorr:     It protects you from acid and corrosion.
 R - the amulet "Pimim" (around neck) {RegenMP Str-2 Int+4 Dex+4}
   (You found it in a treasure trove)

   [amulet of magic regeneration]

   It increases your rate of magic regeneration.
   Str:       It affects your strength (-2).
   Int:       It affects your intelligence (+4).
   Dex:       It affects your dexterity (+4).
 W - the ring "Ximnud" (left hand) {Wiz rF+ rC+ rCorr Stlth-}
   (You found it in a treasure trove)

   [ring of wizardry]

   It improves your spell success rate.
   rF:        It protects you from fire.
   rC:        It protects you from cold.
   rCorr:     It protects you from acid and corrosion.
   Stlth:     It makes you less stealthy.
 X - the ring "Iduu" (right hand) {Fire Str+3 Int+2}
   (You found it in a treasure trove)

   [ring of fire]

   It enhances your fire magic.
   Str:       It affects your strength (+3).
   Int:       It affects your intelligence (+2).
   rF:        It protects you from fire.
   rC:        It makes you vulnerable to cold.
Wands
 i - a wand of acid (1)
 M - a wand of digging (13)
Scrolls
 a - a scroll of amnesia
 c - a scroll of blinking
 m - a scroll of brand weapon
 z - 15 scrolls of teleportation
 J - 3 scrolls of magic mapping
 V - a scroll of identify
Potions
 d - 7 potions of magic
 f - 13 potions of heal wounds
 h - a potion of cancellation
 k - 6 potions of haste
 L - 11 potions of curing
Miscellaneous
 n - a condenser vane
 s - a phantom mirror (inert)
 N - a lightning rod (4/4)


   Skills:
 + Level 8.1 Fighting
 - Level 9.0 Armour
 - Level 3.0 Dodging
 - Level 4.0 Stealth
 - Level 5.0 Shields
 O Level 27 Spellcasting
 + Level 17.4 Conjurations
 + Level 2.5 Summonings
 - Level 1.0 Necromancy
 - Level 1.1 Translocations
 + Level 16.4 Fire Magic
 - Level 1.4 Ice Magic
 - Level 1.2 Air Magic
 - Level 1.0 Poison Magic
 - Level 1.1 Evocations


You had 29 spell levels left.
You knew the following spells:

 Your Spells              Type           Power      Damage    Failure   Level
a - Magic Dart            Conj           100%       1d8       0%          1
b - Mephitic Cloud        Conj/Pois/Air  77%        N/A       1%          3
c - Call Imp              Summ           61%        N/A       1%          2
d - Blink                 Tloc           100%       N/A       1%          2
e - Conjure Flame         Conj/Fire      100%       6-21      0%          3
f - Fireball              Conj/Fire      65%        3d25      1%          5
g - Freezing Cloud        Conj/Ice/Air   38%        6-21      1%          5
h - Orb of Destruction    Conj           54%        9d14      1%          7
i - Swiftness             Air            55%        N/A       1%          3
j - Starburst             Conj/Fire      65%        6d17      1%          6
k - Iskenderun's Battles  Conj           100%       2d15      1%          5

Your spell library contained the following spells:

 Spells                   Type           Power      Damage    Failure   Level
 Yara's Violent Unravell  Hex/Tmut       24%        3d11      3%          5
 Foxfire                  Conj/Fire      100%       2x1d9     0%          1
 Scorch                   Fire           100%       2d10      0%          2
 Searing Ray              Conj           100%       2d8       0%          2
 Flame Wave               Conj/Fire      100%       2d17      0%          4
 Apportation              Tloc           100%       N/A       1%          1
 Freeze                   Ice            100%       1d11      1%          1
 Necrotize                Necr           100%       1d9       1%          1
 Slow                     Hex            100%       N/A       1%          1
 Sting                    Tmut/Pois      100%       1d8       1%          1
 Summon Small Mammal      Summ           100%       N/A       1%          1
 Ensorcelled Hibernation  Hex/Ice        100%       N/A       1%          2
 Passwall                 Tmut/Erth      40%        N/A       1%          2
 Poisonous Vapours        Pois/Air       100%       N/A       1%          2
 Sublimation of Blood     Necr           54%        N/A       1%          2
 Wereblood                Tmut           48%        N/A       1%          2
 Dazzling Flash           Conj/Hex       100%       N/A       1%          3
 Frozen Ramparts          Ice            100%       1d12      1%          3
 Ignite Poison            Fire/Tmut/Pois 94%        N/A       1%          3
 Inner Flame              Hex/Fire       100%       N/A       1%          3
 Spider Form              Tmut/Pois      51%        N/A       1%          3
 Fulminant Prism          Conj/Hex       42%        3d20      1%          4
 Hailstorm                Conj/Ice       86%        3d17      1%          4
 Iskenderun's Mystic Bla  Conj/Tloc      86%        2d17      1%          4
 Olgreb's Toxic Radiance  Pois           54%        N/A       1%          4
 Conjure Ball Lightning   Conj/Air       43%        3x3d15    1%          6
 Anguish                  Hex/Necr       25%        N/A       3%          4
 Ice Form                 Ice/Tmut       52%        N/A       3%          4
 Lee's Rapid Deconstruct  Erth           24%        3d14*     3%          5
 Cause Fear               Hex            24%        N/A       4%          4
 Petrify                  Tmut/Erth      48%        N/A       4%          4
 Agony                    Necr           54%        N/A       9%          5
 Metabolic Englaciation   Hex/Ice        26%        N/A       10%         5
 Silence                  Hex/Air        26%        N/A       10%         5
 Summon Cactus Giant      Summ           30%        N/A       24%         6
 Dispersal                Tloc           27%        N/A       38%         6
 Simulacrum               Ice/Necr       27%        N/A       38%         6
 Statue Form              Tmut/Erth      32%        N/A       52%         6
 Monstrous Menagerie      Summ           30%        N/A       77%         7
 Summon Hydra             Summ           30%        N/A       77%         7
 Storm Form               Tmut/Air       26%        N/A       95%         7
 Maxwell's Capacitive Co  Air            27%        ∞         96%         8
 Dragon Form              Tmut           24%        N/A       97%         7
 Disjunction              Tloc           27%        N/A       100%        8
 Summon Horrible Things   Summ           30%        N/A       100%        8
 Dragon's Call            Summ           30%        N/A       100%        9


Dungeon Overview and Level Annotations

Branches:
Dungeon (15/15)            Temple (1/1) D:6            Lair (6/6) D:9
  Swamp (4/4) Lair:3        Snake (4/4) Lair:2        Slime (0/5) Lair:5
    Orc (2/2) D:9             Elf (0/3) Orc:2        Vaults (0/5) D:14
 Depths (0/4) D:15          IceCv (visited)

Altars:
Cheibriados
Dithmenos
Elyvilon
Fedhas
Hepliaklqana
Kikubaaqudgha
Makhleb
Qazlal
Ru
Sif Muna
Uskayaw
Vehumet
Xom
Yredelemnul
Zin

Shops:
D:4 (   Orc:1 [   Orc:2 !:(:   Snake:3 (

Annotations:
D:12 1 runed translucent door, Gitueniwk's ghost, journeyman DECj
Swamp:4 1 runed translucent door, Lernaean hydra; royokou's ghost, adept MeEE
Orc:2 2 transporters, Phlounder's ghost, journeyman DjEE


Innate Abilities, Weirdness & Mutations

You are partially covered in iridescent scales. (AC +2)
You have a somewhat thin skeletal structure. (Dex +2, Stealth+)
Your mind is acute. (Int +2)
You are covered in fur. (AC +1)
Your muscles are strong. (Str +2)


Message History

The 27-headed Lernaean hydra bites you.
The 27-headed Lernaean hydra bites you but does no damage. x2
You block the 27-headed Lernaean hydra's attack.
The 27-headed Lernaean hydra bites you but does no damage.
The 27-headed Lernaean hydra bites you.
The 27-headed Lernaean hydra bites you but does no damage. x3
The 27-headed Lernaean hydra misses you.
The 27-headed Lernaean hydra bites you but does no damage.
The 27-headed Lernaean hydra completely misses you.
You block the 27-headed Lernaean hydra's attack. x2
The 27-headed Lernaean hydra bites you but does no damage. x2
The 27-headed Lernaean hydra bites you.
The 27-headed Lernaean hydra barely misses you.
The 27-headed Lernaean hydra bites you but does no damage. x3
Casting: Blink (safe; 1% risk of failure)
Confirm with . or Enter, or press ? or * to list all spells.
Aiming: Fireball (safe; 1% risk of failure)
Press: ? - help, Shift-Dir - straight line, p - 27-headed Lernaean hydra You feel a surge of power!
The fireball explodes!
The mangrove smoulders and burns.
The fireball engulfs the 27-headed Lernaean hydra!!
The 27-headed Lernaean hydra is almost dead.
You hear a roar! x3
The eight-headed hydra bites you.
* * * LOW HITPOINT WARNING * * *
The eight-headed hydra barely misses you. x2
The eight-headed hydra closely misses you.
The eight-headed hydra barely misses you.
The eight-headed hydra bites you but does no damage.
The eight-headed hydra misses you.
The eight-headed hydra completely misses you.
The 27-headed Lernaean hydra bites you.
* * * LOW HITPOINT WARNING * * *
The 27-headed Lernaean hydra bites you!
* * * LOW HITPOINT WARNING * * *
The 27-headed Lernaean hydra bites you!
* * * LOW HITPOINT WARNING * * *
The 27-headed Lernaean hydra bites you but does no damage. x3
The 27-headed Lernaean hydra bites you!
You die...

.≈≈♣♣≈.≈≈.....≈
♣♣♣♣♣≈.§≈.....# ♣
♣♣.≈...≈.≈♣ ♣ ♣≈[...#.♣♣
♣♣♣♣♣♣♣≈≈.≈...♣ ♣
≈♣≈≈≈.≈≈≈....♣♣ ♣♣.≈ ###
♣♣.≈≈≈≈...≈..♣♣♣.≈#####§≈#
♣♣.≈≈.≈≈≈♣...§§.####§§§# .
♣♣.§≈....♣......@D#§≈.§#§≈§§
♣♣≈≈≈♣≈.≈≈...§D.....≈≈.†.§§
♣♣♣♣♣≈.≈..♣♣...##.≈≈#≈#.≈≈
♣♣≈..≈.♣♣♣.#######≈#
♣♣......≈♣♣♣. ##
♣♣≈≈....♣♣≈≈♣♣.
♣♣≈≈.)≈...♣§.≈≈♣♣
♣♣...≈....≈≈..#≈≈♣
.....†.†..#...≈≈≈♣


You could see the 27-headed Lernaean hydra and an eight-headed hydra.

Vanquished Creatures
  Mara (Snake:4)
  Vashnia (Snake:3)
  Jorgrun (D:14)
  Rupert (Orc:2)
  Agnes (Snake:3)
  Kirke (Lair:6)
  Frances (D:14)
  3 nagarajas (Snake:2)
  A fire giant (D:15)
  Roxanne (Snake:2)
  Donald (Snake:1)
  A frost giant (D:15)
  Louise (Snake:1)
  2 orc warlords (Orc:2)
  Aizul (Snake:1)
  3 eleionomae
  Azrael (D:15)
  Nessos (Orc:2)
  2 bunyips
  An ettin (shapeshifter) (D:15)
  An ettin (D:15)
  2 fire dragons (D:15)
  23 hydras
  10 boulder beetles
  3 ogre magi
  An ice dragon (IceCv)
  8 vault guards (D:14)
  7 centaur warriors
  6 anacondas
  A death knight (D:15)
  8 alligators
  7 two-headed ogres
  14 naga warriors
  4 tengu warriors
  3 catoblepae
  6 shock serpents
  8 death yaks (Lair:6)
  Urug (Lair:2)
  3 orc high priests
  A fire crab (Lair:6)
  Sonja (D:10)
  11 naga sharpshooters
  5 spriggans
  A deep elf knight (D:15)
  6 skeletal warriors
  A salamander mystic (Snake:2)
  5 goliath frogs
  5 spectral anacondas (Snake:4)
  A flayed ghost (D:15)
  7 anaconda zombies (Snake:4)
  A glowing orange brain (D:15)
  5 spriggan druids
  5 naga ritualists
  5 swamp dragons
  3 lindwurms (Lair:6)
  5 anaconda skeletons (Snake:4)
  2 wizards
  Pikel (D:7)
  3 bog bodies
  4 deep elf pyromancers
  2 wolf spiders (D:15)
  5 orc knights
  9 mana vipers
  10 ugly things
  6 orc sorcerers
  9 salamanders
  A salamander (shapeshifter) (D:14)
  11 manticores
  4 will-o-the-wisps
  13 cyclopes
  14 elephants
  35 black mambas
  10 naga magi
  9 cane toads
  2 ice statues (IceCv)
  Maggie (D:7)
  A torpor snail (Lair:6)
  6 guardian serpents
  An unseen horror zombie (D:8)
  4 efreet (D:15)
  3 unseen horrors
  An unseen horror (shapeshifter) (D:15)
  5 rime drakes
  2 yaktaurs (D:15)
  3 anaconda simulacra (Snake:4)
  8 komodo dragons
  4 freezing wraiths (D:15)
  3 polar bears
  4 tengu conjurers
  8 trolls
  4 bloated husks
  A meliai (D:15)
  9 tyrant leeches
  A tarantella (shapeshifter) (D:15)
  3 hornets
  A dream sheep (shapeshifter) (D:15)
  A wolf spider simulacrum (D:15)
  22 blink frogs
  2 dream sheep (Lair:6)
  A raiju (shapeshifter) (D:15)
  A slime creature (D:11)
  Sigmund (D:2)
  2 wraiths
  A shadow (D:9)
  2 vampires (D:12)
  2 fire elementals (D:15)
  2 humans (Lair:6)
  25 yaks
  4 wyverns
  2 hogs (Lair:6)
  5 basilisks
  A golden eye (shapeshifter) (D:15)
  3 steam dragons
  A redback (D:15)
  18 vampire mosquitoes
  3 wargs (Orc:2)
  Edmund (D:4)
  12 swamp worms
  2 hell hounds (D:15)
  43 nagas
  5 acid dragons
  14 water moccasins
  27 orc warriors
  7 swamp drakes
  2 ice beasts
  A hornet zombie (D:5)
  6 boggarts (D:15)
  25 wolves
  8 ogres
  6 centaurs
  2 lemures (D:7)
  A phantom (D:5)
  2 kobold brigands
  8 bullfrogs
  2 gnoll sergeants
  A water moccasin zombie (D:5)
  13 wights
  5 lindwurm simulacra (IceCv)
  15 killer bees
  2 electric eels (D:9)
  3 howler monkeys
  3 bullfrog zombies (D:5)
  4 centaur zombies
  5 hounds
  21 orc priests
  4 jellies
  4 komodo dragon simulacra (IceCv)
  2 gnoll shamans
  4 iguanas
  Natasha (thrice) (D:2)
  33 orc wizards
  3 killer bee zombies
  A hound zombie (D:5)
  3 howler monkey zombies (D:8)
  5 acid dragon simulacra (IceCv)
  15 gnolls
  A howler monkey skeleton (D:5)
  9 adders
  A white imp (D:6)
  7 steam dragon simulacra (IceCv)
  2 dart slugs
  52 orcs
  4 ball pythons
  5 bats
  7 endoplasms
  2 giant cockroaches (D:3)
  6 hobgoblins
  3 jackals (D:4)
  2 quokkas (D:1)
  A frilled lizard (D:1)
  7 goblins
  16 kobolds
  4 rats
984 creatures vanquished.

Vanquished Creatures (collateral kills)
  2 wights (D:8)
  A killer bee (D:8)
3 creatures vanquished.

Vanquished Creatures (others)
  A centaur simulacrum (D:15)
  A human (Lair:6)
  A golden eye (shapeshifter) (D:15)
  A killer bee (D:10)
  8 foxfires (Swamp:3)
  24 fungi
  38 plants
  2 withered plants (D:5)
76 creatures vanquished.

Grand Total: 1063 creatures vanquished

Notes
Turn   | Place    | Note
-------+----------+-------------------------------------------
     0 | D:1      | pokeman the Deep Elf Hedge Wizard began the quest for the
                  | Orb.
     0 | D:1      | Reached XP level 1. HP: 10/10 MP: 7/7
   511 | D:1      | Reached XP level 2. HP: 16/16 MP: 5/9
  1286 | D:2      | Noticed Sigmund
  1298 | D:2      | Reached skill level 5 in Spellcasting
  1375 | D:2      | Reached XP level 3. HP: 18/20 MP: 0/11
  1379 | D:2      | Learned a level 3 spell: Mephitic Cloud
  1382 | D:2      | Learned a level 2 spell: Call Imp
  1385 | D:2      | Learned a level 2 spell: Blink
  1389 | D:2      | Learned a level 3 spell: Conjure Flame
  1934 | D:2      | Noticed Natasha
  1944 | D:2      | Killed Natasha
  1945 | D:2      | Reached skill level 1 in Fighting
  1945 | D:2      | Reached skill level 1 in Armour
  1945 | D:2      | Reached XP level 4. HP: 25/25 MP: 5/13
  2152 | D:2      | Killed Sigmund
  2153 | D:2      | Reached skill level 5 in Conjurations
  2153 | D:2      | Reached XP level 5. HP: 29/29 MP: 5/15
  2268 | D:2      | Noticed Natasha
  2276 | D:2      | Killed Natasha
  2277 | D:2      | Reached XP level 6. HP: 28/34 MP: 12/16
  2347 | D:2      | Noticed Natasha
  2364 | D:2      | Killed Natasha
  2707 | D:3      | Learned a level 5 spell: Freezing Cloud
  2710 | D:3      | Found a faded altar of an unknown god.
  2780 | D:3      | Reached skill level 6 in Spellcasting
  2780 | D:3      | Reached skill level 1 in Fire Magic
  3711 | D:4      | Noticed Edmund
  3735 | D:4      | Killed Edmund
  3736 | D:4      | Reached skill level 1 in Ice Magic
  3736 | D:4      | Reached XP level 7. HP: 11/38 MP: 12/19
  4029 | D:4      | Found a burning altar of Makhleb.
  4038 | D:4      | Identified the +2 robe of Oterchufi {-Cast Str+2 SInv}
  4107 | D:4      | Found Puwen's Antique Weapon Emporium.
  4390 | D:5      | Entered Level 5 of the Dungeon
  4499 | D:5      | Reached skill level 7 in Spellcasting
  4655 | D:5      | Reached skill level 1 in Air Magic
  4834 | D:5      | Reached skill level 1 in Poison Magic
  4869 | D:5      | Reached skill level 8 in Spellcasting
  4882 | D:5      | Reached skill level 1 in Evocations
  4882 | D:5      | Reached XP level 8. HP: 24/43 MP: 18/22
  5100 | D:5      | Found a hide-covered altar of Uskayaw.
  5659 | D:6      | Reached skill level 9 in Spellcasting
  5804 | D:6      | Found a staircase to the Ecumenical Temple.
  5814 | Temple   | Entered the Ecumenical Temple
  5829 | Temple   | Became a worshipper of Vehumet
  5948 | D:6      | Found a white marble altar of Elyvilon.
  7038 | D:7      | Noticed Maggie
  7039 | D:7      | Reached skill level 10 in Spellcasting
  7053 | D:7      | Noticed Pikel
  7060 | D:7      | Killed Maggie
  7061 | D:7      | Reached XP level 9. HP: 23/48 MP: 10/25
  7068 | D:7      | Killed Pikel
  7309 | D:7      | Reached skill level 11 in Spellcasting
  8184 | D:8      | Found an ancient bone altar of Kikubaaqudgha.
  8277 | D:8      | Reached skill level 5 in Fire Magic
  8300 | D:8      | Reached * piety under Vehumet
  8300 | D:8      | Offered knowledge of Shock by Vehumet.
  8336 | D:8      | Reached skill level 12 in Spellcasting
  8463 | D:8      | Found a basalt altar of Yredelemnul.
  8828 | D:8      | Reached XP level 10. HP: 38/55 MP: 26/28
  9950 | D:9      | Upgraded the game from 0.29-a0-542-g075992c915 to
                  | 0.29-a0-551-gffc1d7fb78
 10011 | D:9      | Found a staircase to the Lair.
 10055 | D:9      | Reached skill level 13 in Spellcasting
 10828 | D:9      | Identified the ring of Tofashrys {+Blink rF+ Str+4}
 10852 | D:9      | Reached ** piety under Vehumet
 10852 | D:9      | Offered knowledge of Static Discharge by Vehumet.
 11285 | D:9      | Found a staircase to the Orcish Mines.
 11919 | D:9      | Identified a scroll of acquirement
 11932 | D:9      | Acquired a book of the Spheres
 11940 | D:9      | Learned a level 5 spell: Fireball
 11948 | D:9      | Learned a level 7 spell: Orb of Destruction
 12071 | D:10     | Entered Level 10 of the Dungeon
 12092 | D:10     | Reached skill level 14 in Spellcasting
 12157 | D:10     | Found a shimmering altar of Xom.
 12175 | D:10     | Offered knowledge of Scorch by Vehumet.
 12262 | D:10     | Reached XP level 11. HP: 29/61 MP: 9/31
 12826 | D:10     | Reached *** piety under Vehumet
 12999 | D:10     | Noticed Sonja
 13002 | D:10     | Killed Sonja
 13261 | D:10     | Found a glowing silver altar of Zin.
 13422 | D:11     | Found a frozen archway.
 13431 | IceCv    | Entered an ice cave
 13636 | IceCv    | Reached skill level 1 in Shields
 13955 | IceCv    | Noticed an ice dragon
 13959 | IceCv    | Reached skill level 15 in Spellcasting
 13964 | IceCv    | Killed an ice dragon
 13965 | IceCv    | Reached skill level 10 in Conjurations
 14133 | IceCv    | Offered knowledge of Airstrike by Vehumet.
 14294 | D:11     | Noticed a deep elf pyromancer
 14295 | D:11     | Noticed an ogre mage
 14305 | D:11     | Killed an ogre mage
 14640 | D:11     | Reached skill level 16 in Spellcasting
 15101 | D:11     | Found a shimmering blue altar of Sif Muna.
 15119 | D:11     | Identified the +11 chain mail "Ossieble" {Int+4 Slay+3}
 15119 | D:11     | Noticed a skeletal warrior
 15222 | D:11     | Killed a skeletal warrior
 15223 | D:11     | Reached XP level 12. HP: 66/66 MP: 7/34
 15442 | D:11     | Reached **** piety under Vehumet
 15611 | D:11     | Noticed a boulder beetle
 15614 | D:11     | Killed a boulder beetle
 15736 | D:11     | Got Dijoog's Incunabulum of Feathers
 15802 | D:11     | Noticed a two-headed ogre
 15806 | D:11     | Killed a two-headed ogre
 15998 | D:11     | Identified the +5 mace "Patashria" {flame, rPois MP+9 Dex+4
                  | Stlth+}
 16390 | D:12     | Noticed a six-headed hydra
 16393 | D:12     | Killed a six-headed hydra
 16394 | D:12     | Reached skill level 17 in Spellcasting
 16536 | D:12     | Noticed a boulder beetle
 16543 | D:12     | Killed a boulder beetle
 16811 | D:12     | Found a portal to a secret trove of treasure.
 16820 | Trove    | Entered a treasure trove
 16828 | Trove    | Identified the amulet "Pimim" {RegenMP Str-2 Int+4 Dex+4}
 16830 | Trove    | Identified the ring of Emnexac {rC+ Will+}
 16836 | Trove    | Identified the ring of the Solstice {EV+4 Str+3}
 16838 | Trove    | Identified the ring "Ximnud" {Wiz rF+ rC+ rCorr Stlth-}
 16840 | Trove    | Identified the ring "Iduu" {Fire Str+3 Int+2}
 16842 | Trove    | Identified the amulet "Iseve" {Reflect rF++ SH+5}
 16846 | Trove    | Identified the ring of Tiroqy {rCorr Dex+7 SInv}
 16852 | Trove    | Identified the ring "Cuhoq" {rF+ Will- MP+9 Str+5 Stlth+}
 16854 | Trove    | Identified the ring "Vycunis" {rElec rF+ MP+9 Int-5 SInv}
 17132 | D:12     | Noticed a two-headed ogre
 17137 | D:12     | Killed a two-headed ogre
 17229 | D:12     | Found a runed translucent door.
 17232 | D:12     | Identified the +5 trident of the Poles {drain, rElec rPois
                  | rC-}
 17233 | D:12     | Noticed Gitueniwk's ghost (journeyman DECj)
 17657 | D:13     | Identified the +8 rapier of Action {holy, Fly Will+ Int-4}
 17660 | D:13     | Reached skill level 10 in Fire Magic
 17865 | D:13     | Noticed a two-headed ogre
 17869 | D:13     | Killed a two-headed ogre
 17870 | D:13     | Reached skill level 18 in Spellcasting
 17870 | D:13     | Noticed a centaur warrior
 17874 | D:13     | Killed a centaur warrior
 17875 | D:13     | Reached skill level 5 in Shields
 17875 | D:13     | Reached XP level 13. HP: 70/70 MP: 24/37
 18241 | D:14     | Learned a level 3 spell: Swiftness
 18503 | D:14     | Found a gate to the Vaults.
 18889 | D:14     | Reached skill level 5 in Armour
 18889 | D:14     | Reached skill level 19 in Spellcasting
 19657 | D:14     | Noticed Jorgrun
 19662 | D:14     | Killed Jorgrun
 19958 | D:14     | Noticed Frances
 20455 | D:14     | Killed Frances
 20641 | D:15     | Entered Level 15 of the Dungeon
 20859 | D:15     | Reached XP level 14. HP: 76/76 MP: 31/39
 20890 | D:15     | Reached skill level 5 in Fighting
 20899 | D:15     | Reached skill level 20 in Spellcasting
 21015 | D:15     | Found an ancient bone altar of Kikubaaqudgha.
 21015 | D:15     | Found a hide-covered altar of Uskayaw.
 21017 | D:15     | Found a hazy altar of Hepliaklqana.
 21137 | D:15     | Noticed Azrael
 21145 | D:15     | Killed Azrael
 21659 | D:15     | Found a staircase to the Depths.
 22072 | D:15     | Reached skill level 21 in Spellcasting
 22341 | D:15     | Identified the +5 spear of the Extremely Mad {drain,
                  | *Corrode Fly Str+5 Dex+4}
 22857 | D:15     | Noticed a frost giant
 22863 | D:15     | Killed a frost giant
 23000 | D:15     | Reached XP level 15. HP: 73/85 MP: 42/42
 23595 | D:15     | Reached skill level 1 in Necromancy
 23721 | D:15     | Noticed a fire giant
 24211 | D:15     | Killed a fire giant
 24212 | D:15     | Reached skill level 22 in Spellcasting
 24536 | Lair:1   | Entered Level 1 of the Lair of Beasts
 24582 | Lair:1   | Offered knowledge of Flame Wave by Vehumet.
 25446 | Lair:2   | Learned a level 6 spell: Starburst
 25476 | Lair:2   | Found a staircase to the Snake Pit.
 25637 | Lair:2   | Noticed Urug
 25639 | Lair:2   | Killed Urug
 26134 | Lair:3   | Identified the +3 leather armour "Woucrith" {rF+ Regen+
                  | rCorr Int-2}
 26233 | Lair:3   | You fall into a shaft and drop 2 floors!
 26562 | Lair:3   | Found a staircase to the Swamp.
 27524 | Lair:5   | Reached ***** piety under Vehumet
 27527 | Lair:5   | Offered knowledge of Hailstorm by Vehumet.
 27634 | Lair:5   | Found a staircase to the Slime Pits.
 28798 | Lair:6   | Entered Level 6 of the Lair of Beasts
 28821 | Lair:6   | Reached skill level 23 in Spellcasting
 29270 | Lair:6   | Noticed Kirke
 29278 | Lair:6   | Killed Kirke
 29288 | Lair:6   | Reached XP level 16. HP: 6/92 MP: 44/45
 29289 | Lair:6   | Reached skill level 15 in Conjurations
 30784 | Orc:1    | Entered Level 1 of the Orcish Mines
 30813 | Orc:1    | Offered knowledge of Spellforged Servitor by Vehumet.
 30845 | Orc:1    | Found Peri's Armour Emporium.
 31140 | Orc:2    | Entered Level 2 of the Orcish Mines
 31209 | Orc:2    | Paralysed by an orc sorcerer for 4 turns
 31591 | Orc:2    | Noticed Rupert
 31603 | Orc:2    | Killed Rupert
 31697 | Orc:2    | Found a staircase to the Elven Halls.
 31715 | Orc:2    | Noticed Nessos
 31720 | Orc:2    | Killed Nessos
 31834 | Orc:2    | Reached skill level 24 in Spellcasting
 31891 | Orc:2    | Offered knowledge of Irradiate by Vehumet.
 31902 | Orc:2    | Got the Papyrus of Excruciating Summoning
 32149 | Orc:2    | Found a transporter.
 32153 | Orc:2    | Found a transporter.
 32153 | Orc:2    | Noticed Phlounder's ghost (journeyman DjEE)
 32330 | Orc:2    | Found Wyril's Weapon Shop.
 32330 | Orc:2    | Found Ubrofoam's Book Shop.
 32331 | Orc:2    | Found Mumepuul's Book Boutique.
 32335 | Orc:2    | Found Orim Matz's Distillery.
 32857 | Snake:1  | Entered Level 1 of the Snake Pit
 32951 | Snake:1  | Noticed Aizul
 32968 | Snake:1  | Killed Aizul
 32968 | Snake:1  | HP: 4/92 [poisoned by Aizul (bolt of poison)]
 32980 | Snake:1  | Noticed Louise
 33293 | Snake:1  | Killed Louise
 33337 | Snake:1  | Identified the +5 mace of Destruction {flame, Str+4 Dex+4
                  | Stlth+}
 33714 | Snake:1  | Noticed Donald
 33717 | Snake:1  | Killed Donald
 34132 | Snake:2  | Found a transporter.
 34564 | Snake:2  | You fall into a shaft and drop 1 floor!
 34825 | Snake:2  | Found a transporter.
 34868 | Snake:2  | Found a runed translucent door.
 34939 | Snake:2  | Reached XP level 17. HP: 92/96 MP: 46/47
 35122 | Snake:2  | Noticed Roxanne
 35215 | Snake:2  | Offered knowledge of Ozocubu's Refrigeration by Vehumet.
 35218 | Snake:2  | Reached skill level 25 in Spellcasting
 35218 | Snake:2  | Reached skill level 15 in Fire Magic
 35504 | Snake:2  | Learned a level 5 spell: Iskenderun's Battlesphere
 35514 | Snake:2  | Noticed a Hell Sentinel
 35516 | Snake:2  | Gained mutation: You are robust. (+10% HP) [mutagenic glow]
 35525 | Snake:2  | Found the +4 moon troll leather armour {Spirit, Regen++
                  | MP+5}
 35533 | Snake:2  | Gained mutation: You are clumsy. (Dex -2) [mutagenic glow]
 35545 | Snake:2  | Gained mutation: You are partially covered in iridescent
                  | scales. (AC +2) [mutagenic glow]
 35571 | Snake:2  | Gained mutation: You sometimes lose the ability to read
                  | scrolls when taking damage. [mutagenic glow]
 35823 | Snake:2  | Lost mutation: You are clumsy. (Dex -2) [potion of
                  | mutation]
 35823 | Snake:2  | Lost mutation: You are robust. (+10% HP) [potion of
                  | mutation]
 35823 | Snake:2  | Lost mutation: You are partially covered in iridescent
                  | scales. (AC +2) [potion of mutation]
 35823 | Snake:2  | Gained mutation: You expend magic power (3 MP) to
                  | strengthen your wands. [potion of mutation]
 35823 | Snake:2  | Gained mutation: Your muscles are strong. (Str +2) [potion
                  | of mutation]
 35824 | Snake:2  | Lost mutation: You expend magic power (3 MP) to strengthen
                  | your wands. [potion of mutation]
 35824 | Snake:2  | Lost mutation: You sometimes lose the ability to read
                  | scrolls when taking damage. [potion of mutation]
 35824 | Snake:2  | Gained mutation: Your mind is acute. (Int +2) [potion of
                  | mutation]
 35824 | Snake:2  | Gained mutation: You have a somewhat thin skeletal
                  | structure. (Dex +2, Stealth+) [potion of mutation]
 35824 | Snake:2  | Gained mutation: You are covered in fur. (AC +1) [potion of
                  | mutation]
 35824 | Snake:2  | Gained mutation: You are partially covered in iridescent
                  | scales. (AC +2) [potion of mutation]
 35865 | Snake:2  | Killed Roxanne
 36074 | Snake:3  | Noticed Vashnia
 36079 | Snake:3  | Killed Vashnia
 36170 | Snake:3  | Noticed Agnes
 36188 | Snake:3  | Killed Agnes
 36489 | Snake:3  | Found Loocyq's Weapon Boutique.
 36953 | Snake:4  | Entered Level 4 of the Snake Pit
 37338 | Snake:4  | Noticed Mara
 37351 | Snake:4  | Killed Mara
 37352 | Snake:4  | Reached skill level 26 in Spellcasting
 38212 | Swamp:1  | Entered Level 1 of the Swamp
 38292 | Swamp:1  | Reached XP level 18. HP: 101/101 MP: 50/50
 38459 | Swamp:1  | Reached ****** piety under Vehumet
 38502 | Swamp:1  | Offered knowledge of Yara's Violent Unravelling by Vehumet.
 38588 | Swamp:1  | Identified the +10 dagger "Riaxowna" {holy, Stlth+}
 40370 | Swamp:4  | Entered Level 4 of the Swamp
 40929 | Swamp:4  | Found a runed translucent door.
 40942 | Swamp:4  | Found a shimmering altar of Xom.
 40942 | Swamp:4  | Noticed royokou's ghost (adept MeEE)
 41152 | Swamp:4  | Reached skill level 27 in Spellcasting
 41303 | Swamp:4  | Noticed the 27-headed Lernaean hydra
 41313 | Swamp:4  | HP: 3/103 [the 27-headed Lernaean hydra (11)]
 41313 | Swamp:4  | Mangled by the 27-headed Lernaean hydra

Illustrated notes

Levels and vault maps discovered:
D:1:      wheals_arrival_shading, layout_basic
D:2:      layout_basic, uniq_sigmund, uniq_natasha
D:3:      cheibrodos_helix_gallery, layout_loops_ring,
          dreamdust_ecumenical_altar_statues
D:4:      layout_cave_pools, kennysheep_mini_moat, serial_shops, shop,
          uniq_edmund
D:5:      layout_loops_ring, nicolae_uskayaw_murder_on_the_dancefloor,
          serial_undead, serial_undead_b, serial_undead_b, serial_undead_c,
          serial_undead_b, serial_undead_e, serial_undead_b
D:6:      layout_loops_ring, elyvilon_altar_5, minmay_temple_entry_glassed_door,
          minmay_curled_crystal
D:7:      layout_loops_ring, kennysheep_dice, uniq_pikel, uniq_maggie
D:8:      layout_gridville, lemuel_crystal_altar,
          nicolae_yredelemnul_corpse_copse, chequers_serial_rivers_marsh,
          corexii_corridor_pit
D:9:      layout_small_grid, erik_lair_island, david_orc_4
D:10:     layout_long_grid, lemuel_crystal_altar,
          mainiacjoe_overflow_surrounded_room, uniq_sonja
D:11:     minmay_the_grid_four_pointed_star_mashed
          [minmay_the_grid_triangle_9x9_sprig,
          minmay_the_grid_triangle_9x9_from_above,
          minmay_the_grid_triangle_9x9_negative_grid,
          minmay_the_grid_triangle_9x9_pentomino_pain,
          minmay_the_grid_prize_four_corners], layout_cave_pods,
          portal_ice_cave_entry_pillars_1, nicolae_sif_muna_condensation
D:12:     layout_big_octagon, enter_trove_0, ebering_ghost_funeral_grove
D:13:     layout_irregular_city
D:14:     layout_basic, erik_vaults_2, kennysheep_nondescript,
          patterned_corridor, uniq_jorgrun, uniq_frances
D:15:     hangedman_slaughterboxes, uniq_azrael
Temple:   eino_wide_crystal_templ
Lair:1:   layout_loops_ring, grunt_megastairs_4
Lair:2:   layout_roguey, minmay_snake_entry_guardpost_medium,
          grunt_megastairs_2, uniq_urug
Lair:3:   layout_loops_ring, swamp_mist, serial_bayou_lagoon_a
Lair:4:   layout_regular_city, infiniplex_staircase_pool_2, lemuel_fruit_fields
Lair:5:   layout_layer_cave, slime_dummy, small_statue_intersection,
          grunt_megastairs_3, serial_bayou_shore_b
Lair:6:   hangedman_lair_in_review, layout_cellular_growth, uniq_kirke
Swamp:1:  layout_basic_swamp, evilmike_swamp_ruin_house_6, swamp_pool5
Swamp:2:  layout_basic_swamp, serial_swamp_ruin, evilmike_swamp_ruin_rubble_2,
          evilmike_swamp_ruin_house_2
Swamp:3:  layout_basic_swamp, evilmike_swamp_ruin_house_3
Swamp:4:  swamp_old_school, layout_basic_swamp, ebering_ghost_xom, swamp_pool1
Snake:1:  layout_misc_corridors, grunt_megastairs_5, uniq_louise, uniq_donald,
          uniq_aizul
Snake:2:  gammafunk_its_a_trap, layout_rooms, lightli_airlock, uniq_roxanne
Snake:3:  layout_gridlike, library_closet, grunt_megastairs_1, minmay_shop_star,
          uniq_agnes, uniq_vashnia
Snake:4:  grunt_snake_rune_spirals, layout_onion_interference,
          gammafunk_ghost_necromancy, nicolae_snake_dead_anacondas, uniq_mara
Orc:1:    layout_caves, serial_shops, nicolae_shop_waterfront
Orc:2:    st_orc_mages, layout_caves, gammafunk_ghost_arena,
          minmay_orc_treasury, uniq_nessos, uniq_rupert

Skill      XL: |  1  2  3  4  5  6  7  8  9 10 11 12 13 14 15 16 17 18 |
---------------+-------------------------------------------------------+-----
Spellcasting   | 5 6 8 10 12 14 16 18 19 21 23 24 26 27 | 27.0
Fighting       | 1 2 3 4 6 7 8 |  8.1
Armour         | 1 2 3 4 5 6 7 9 |  9.0
Conjurations   | 2 5 6 7 8 9 10 11 12 13 14 15 16 17 | 17.4
Fire Magic     | 1 3 5 7 8 10 11 12 13 14 15 16 | 16.4
Dodging        | 3 |  3.0
Ice Magic      | 1 |  1.4
Stealth        | 4 |  4.0
Air Magic      | 1 |  1.2
Poison Magic   | 1 |  1.0
Evocations     | 1 |  1.1
Shields        | 3 5 |  5.0
Necromancy     | 1 |  1.0
Summonings     | 2 |  2.5
Translocations | |  1.1

Action                   |  1- 3 |  4- 6 |  7- 9 | 10-12 | 13-15 | 16-18 || total
-------------------------+-------+-------+-------+-------+-------+-------++-------
Melee: Dagger            |     2 |    24 |   106 |    97 |       |       ||   229
       Punch             |       |       |     1 |     1 |       |       ||     2
       Mace              |       |       |       |     1 |    31 |    26 ||    58
       Staff             |       |       |       |       |       |     4 ||     4
 Fire: Shortbow          |       |       |    37 |    18 |       |       ||    55
 Cast: Magic Dart        |    77 |    57 |   168 |   117 |     7 |    11 ||   437
       Mephitic Cloud    |     1 |     5 |    25 |    43 |     6 |     3 ||    83
       Conjure Flame     |     1 |       |    28 |    21 |     3 |       ||    53
       Call Imp          |       |     1 |     2 |     5 |     2 |     2 ||    12
       Blink             |       |       |     1 |     5 |     8 |     8 ||    22
       Fireball          |       |       |       |   165 |   354 |   488 ||  1007
       Orb of Destructio |       |       |       |       |    27 |    26 ||    53
       Freezing Cloud    |       |       |       |       |    51 |    24 ||    75
       Starburst         |       |       |       |       |       |    20 ||    20
       Iskenderun's Batt |       |       |       |       |       |     1 ||     1
Evoke: Wand              |       |       |       |     4 |       |       ||     4
       Phantom mirror    |       |       |       |       |       |     1 ||     1
  Use: Scroll            |       |       |       |    20 |     6 |     4 ||    30
       Potion            |       |       |       |       |       |     3 ||     3
 Stab: Confused          |     1 |     4 |    13 |     6 |       |       ||    24
       Sleeping          |     1 |     2 |       |       |       |       ||     3
Armor: Robe              |     6 |       |       |       |       |       ||     6
       Leather armour    |       |       |    33 |     8 |       |       ||    41
       Acid dragon scale |       |       |       |    27 |    15 |    20 ||    62
       Swamp dragon scal |       |       |       |       |       |    28 ||    28
Dodge: Dodged            |     6 |     8 |   104 |    91 |    34 |    60 ||   303
       Repelled          |       |       |       |     3 |       |     7 ||    10
Block: Buckler           |       |       |       |       |    18 |    40 ||    58

Table legend: (Time is in decaauts)
 A = Elapsed time spent in this place.
 B = Non-inter-level travel time spent in this place.
 C = Inter-level travel time spent in this place.
 D = Time resting spent in this place.
 E = Time spent auto-exploring this place.
 F = Levels seen in this place.
 G = Mean time per level.
                   A        B        C        D        E       F      G
               +--------+--------+--------+--------+--------+-----+--------+
         Total |  41654 |  39099 |   2555 |   7570 |  24904 |  34 | 1225.1 |
       Dungeon |  23848 |  22520 |   1328 |   4698 |  14115 |  15 | 1589.9 |
        Temple |    206 |    182 |     24 |      0 |     10 |   1 |  206.0 |
          Lair |   6858 |   6355 |    503 |   1036 |   4633 |   6 | 1143.0 |
         Swamp |   2992 |   2664 |    328 |    193 |   2072 |   4 |  748.0 |
     Snake Pit |   4976 |   4710 |    266 |   1136 |   2551 |   4 | 1244.0 |
  Orcish Mines |   1886 |   1783 |    103 |    164 |   1202 |   2 |  943.0 |
         Trove |     50 |     50 |      0 |      0 |      0 |   1 |   50.0 |
      Ice Cave |    835 |    835 |      0 |    343 |    320 |   1 |  835.0 |
               +--------+--------+--------+--------+--------+-----+--------+

Top non-repeatable levels by time:
    D:15: 3440 daAuts
    D:14: 2705 daAuts
     D:8: 2530 daAuts
     D:9: 2103 daAuts
  Lair:6: 1883 daAuts
    D:10: 1815 daAuts
    D:11: 1678 daAuts
 Snake:2: 1660 daAuts
     D:6: 1522 daAuts
   Orc:2: 1495 daAuts
     D:1: 1413 daAuts
  Lair:5: 1327 daAuts
 Snake:3: 1246 daAuts
     D:2: 1236 daAuts
     D:7: 1207 daAuts
